 Dungeon Crawl Stone Soup version 0.23-a0-407-g92528d7 (webtiles) character file.

1554 wazuzu the Thaumaturge (level 8, -2/61 HPs)
             Began as a Gnoll Wanderer on Nov 7, 2018.
             Killed from afar by an orc wizard (5 damage)
             ... with a magic dart
             ... on level 6 of the Dungeon.
             The game lasted 00:16:18 (5580 turns).

wazuzu the Thaumaturge (Gnoll Wanderer)             Turns: 5580, Time: 00:16:19

Health: -2/61      AC:  4    Str: 15    XL:     8   Next: 88%
Magic:  19/22      EV: 29    Int: 13    God:
Gold:   144        SH:  0    Dex: 18    Spells: 25/27 levels left

rFire    . . .     SeeInvis .   e - +1 dagger
rCold    . . .     Gourm    .   (no shield)
rNeg     . . .     Faith    .   j - +2 robe {Archmagi}
rPois    +         Spirit   .   (no helmet)
rElec    .         Reflect  .   (no cloak)
rCorr    .         Harm     .   (no gloves)
MR       .....                  (no boots)
Stlth    +++.......             s - amulet of the acrobat
HPRegen  0.20/turn              d - ring of poison resistance
MPRegen  0.18/turn              (no ring)

@: no status effects
A: distributed training, fangs 1, strong nose
a: no special abilities


You were on level 6 of the Dungeon.
You were not hungry.

You visited 1 branch of the dungeon, and saw 6 of its levels.

You collected 243 gold pieces.
You spent 99 gold pieces at shops.

Inventory:

Hand Weapons
 e - a +1 dagger (weapon)
Missiles
 c - 60 sling bullets
 g - 93 stones (quivered)
Armour
 j - a +2 robe of the Archmagi (worn)
 y - a +4 chain mail of fire resistance
Jewellery
 d - a ring of poison resistance (left hand)
 s - an amulet of the acrobat (around neck)
Wands
 r - a wand of acid (14)
 v - a wand of clouds (4)
Scrolls
 b - 2 scrolls of remove curse
 h - 3 scrolls of identify
 i - a scroll of amnesia
 k - 2 scrolls of magic mapping
 t - 2 scrolls of summoning {unknown}
Potions
 a - a potion of cancellation {unknown}
 l - a potion of agility
 m - 3 potions of curing
 o - a potion of resistance
 p - a potion of mutation
 q - a potion of haste
 u - 4 potions of heal wounds
 x - a potion of flight
 z - 2 potions of lignification
Comestibles
 f - 11 rations
 n - a chunk of flesh


   Skills:
 + Level 4.5 Fighting
 + Level 3.6 Short Blades
 + Level 3.6 Long Blades
 + Level 5.9 Axes
 + Level 3.6 Maces & Flails
 + Level 3.6 Polearms
 + Level 3.6 Staves
 + Level 3.6 Slings
 + Level 3.6 Bows
 + Level 3.6 Crossbows
 + Level 3.6 Throwing
 + Level 3.6 Armour
 + Level 3.6 Dodging
 + Level 5.6 Stealth
 + Level 3.6 Shields
 + Level 3.6 Unarmed Combat
 + Level 10.0 Spellcasting
 + Level 2.9 Conjurations
 + Level 2.9 Hexes
 + Level 2.9 Charms
 + Level 2.9 Summonings
 + Level 2.9 Necromancy
 + Level 2.9 Translocations
 + Level 2.9 Transmutations
 + Level 3.7 Fire Magic
 + Level 2.9 Ice Magic
 + Level 2.9 Air Magic
 + Level 2.9 Earth Magic
 + Level 2.9 Poison Magic
 + Level 4.0 Invocations
 + Level 3.6 Evocations


You had 25 spell levels left.
You knew the following spells:

 Your Spells              Type           Power        Failure   Level  Hunger
a - Sandblast             Erth           ###...       3%          1    None
z - Flame Tongue          Conj/Fire      ###..        2%          1    None

Your spell library contained the following spells:

 Spells                   Type           Power        Failure   Level  Hunger
 Animate Skeleton         Necr           N/A          3%          1    None
 Magic Dart               Conj           ###.         3%          1    None
 Summon Small Mammal      Summ           ###.         3%          1    None
 Blink                    Tloc           N/A          4%          2    None
 Call Imp                 Summ           ###.....     4%          2    None
 Slow                     Hex            ###.....     4%          2    None
 Throw Flame              Conj/Fire      ###...       4%          2    None
 Conjure Flame            Conj/Fire      ###.....     9%          3    #......
 Inner Flame              Hex/Fire       ###.....     9%          3    #......
 Call Canine Familiar     Summ           ###.....     10%         3    #......
 Mephitic Cloud           Conj/Pois/Air  ###.....     10%         3    #......
 Regeneration             Chrm/Necr      ###.......   10%         3    #......
 Stone Arrow              Conj/Erth      ###...       10%         3    #......
 Summon Guardian Golem    Hex/Summ       ###.....     10%         3    #......
 Sticky Flame             Conj/Fire      ###.....     28%         4    ###....
 Summon Ice Beast         Ice/Summ       ###.....     32%         4    ###....
 Summon Lightning Spire   Summ/Air       ###.....     32%         4    ###....
 Fireball                 Conj/Fire      ###.......   61%         5    #####..


Dungeon Overview and Level Annotations

Branches:
Dungeon (6/15)
 Temple: D:4-7

Altars:
Ashenzari

Shops:
D:4 !

Annotations:
D:6 Menkaure


Innate Abilities, Weirdness & Mutations

Your experience applies equally to all skills.
You have very sharp teeth.
Your uncanny sense of smell can sniff out nearby items.


Message History

The orc wizard casts a spell at you! You resist with some effort!
The orc wizard casts a spell at you!
You are confused!
The orc wizard mumbles some strange words!
The orc wizard flickers and vanishes!!!
Deactivating autopickup; reactivate with Ctrl-A!
The orc warrior hits you from afar with a +0 halberd!!!!!! * * * don't die
* * * Something completely misses you!
The orc warrior completely misses you! Something hits you but does no damage!
You feel better!
The orc warrior hits you with a +0 halberd!!!!!! * * * don't die
* * * You hear some strange, mumbled words!
Something tries to affect you, but you resist!
The orc warrior completely misses you!
A magic dart appears from out of thin air!!!
The magic dart hits you!!! rip

###....####......##
#..#....#.........#
##..<##...#######.#
##...##..#
###.....####
#.)......#
###......#
#.###....#
...#####@####....
............#...<
#######o{........
#o##.#.....
#o.....###.
......).#......
....o.#.#.......
......#.#∆......
..... ..# ......


You could see an orc warrior, an orc wizard and an orc.

Vanquished Creatures
  The ghost of Yakui the Slasher, an amateur HuFi of Vehumet (D:4)
  Sigmund (D:3)
  An orc warrior (D:5)
  A sky beast (D:5)
  A phantom (D:4)
  2 centaurs
  2 crimson imps
  2 hounds
  5 orc priests
  An iguana (D:5)
  Ijyb (D:4)
  Terence (D:3)
  4 orc wizards
  2 worker ants (D:5)
  A killer bee zombie (D:6)
  A hound skeleton (D:5)
  A hound zombie (D:5)
  A howler monkey skeleton (D:6)
  A howler monkey zombie (D:5)
  7 adders
  2 adder skeletons
  2 worms (D:2)
  8 leopard geckos
  17 orcs
  7 bats
  2 giant cockroaches
  2 goblins (D:2)
  8 hobgoblins
  10 jackals
  2 quokkas
  A ball python skeleton (D:4)
  5 frilled lizards
  6 kobolds
  A leopard gecko skeleton (D:3)
  A leopard gecko zombie (D:2)
  10 rats
121 creatures vanquished.

Notes
Turn   | Place    | Note
-------+----------+-------------------------------------------
     0 | D:1      | Reached skill level 9 in Spellcasting
     0 | D:1      | wazuzu the Gnoll Wanderer began the quest for the Orb.
     0 | D:1      | wazuzu set off with the following items: a +0 robe, a +0
                  | dagger, a ration; and the following spells available to
                  | memorise: Flame Tongue, Animate Skeleton, Sandblast, Throw
                  | Flame, Conjure Flame, Inner Flame, Regeneration, Stone
                  | Arrow, Sticky Flame, Fireball
     0 | D:1      | Reached XP level 1. HP: 17/17 MP: 10/10
     2 | D:1      | Learned a level 1 spell: Flame Tongue
   442 | D:1      | Reached XP level 2. HP: 23/23 MP: 10/12
  1057 | D:2      | Noticed a crimson imp
  1079 | D:2      | Learned a level 1 spell: Sandblast
  1112 | D:2      | Reached XP level 3. HP: 23/28 MP: 3/13
  1363 | D:1      | Reached skill level 1 in Short Blades
  1363 | D:1      | Reached skill level 1 in Long Blades
  1363 | D:1      | Reached skill level 1 in Maces & Flails
  1363 | D:1      | Reached skill level 1 in Polearms
  1363 | D:1      | Reached skill level 1 in Staves
  1363 | D:1      | Reached skill level 1 in Slings
  1363 | D:1      | Reached skill level 1 in Bows
  1363 | D:1      | Reached skill level 1 in Crossbows
  1363 | D:1      | Reached skill level 1 in Throwing
  1363 | D:1      | Reached skill level 1 in Armour
  1363 | D:1      | Reached skill level 1 in Dodging
  1363 | D:1      | Reached skill level 1 in Shields
  1363 | D:1      | Reached skill level 1 in Unarmed Combat
  1363 | D:1      | Reached skill level 1 in Invocations
  1363 | D:1      | Reached skill level 1 in Evocations
  1363 | D:1      | Reached XP level 4. HP: 11/34 MP: 6/15
  1578 | D:2      | Reached skill level 1 in Conjurations
  1578 | D:2      | Reached skill level 1 in Hexes
  1578 | D:2      | Reached skill level 1 in Charms
  1578 | D:2      | Reached skill level 1 in Summonings
  1578 | D:2      | Reached skill level 1 in Necromancy
  1578 | D:2      | Reached skill level 1 in Translocations
  1578 | D:2      | Reached skill level 1 in Transmutations
  1578 | D:2      | Reached skill level 1 in Ice Magic
  1578 | D:2      | Reached skill level 1 in Air Magic
  1578 | D:2      | Reached skill level 1 in Earth Magic
  1578 | D:2      | Reached skill level 1 in Poison Magic
  1594 | D:2      | Found a shattered altar of Ashenzari.
  1808 | D:2      | Reached XP level 5. HP: 13/40 MP: 5/16
  2218 | D:3      | Noticed Sigmund
  2426 | D:3      | Killed Sigmund
  2426 | D:3      | Reached skill level 5 in Axes
  2426 | D:3      | Reached XP level 6. HP: 46/47 MP: 8/18
  2743 | D:3      | Reached XP level 7. HP: 20/52 MP: 8/20
  2978 | D:3      | Noticed Terence
  2985 | D:3      | Killed Terence
  3499 | D:4      | Found a runed door.
  3631 | D:4      | Noticed Yakui's ghost (amateur HuFi)
  3744 | D:4      | Found Ahikuo's Distillery.
  3753 | D:4      | Bought a potion of flight for 33 gold pieces
  3753 | D:4      | Bought a potion of lignification for 33 gold pieces
  3753 | D:4      | Bought a potion of lignification for 33 gold pieces
  3812 | D:4      | Reached skill level 5 in Stealth
  4053 | D:4      | Noticed Ijyb
  4083 | D:4      | Killed Ijyb
  4353 | D:5      | Entered Level 5 of the Dungeon
  4384 | D:5      | Reached XP level 8. HP: 60/60 MP: 7/21
  4457 | D:5      | Found a shattered altar of Ashenzari.
  4771 | D:4      | Killed Yakui's ghost
  5354 | D:6      | Noticed Menkaure
  5570 | D:6      | Reached skill level 10 in Spellcasting
  5579 | D:6      | HP: 3/61 [orc warrior/+0 halberd (21)]
  5580 | D:6      | Killed from afar by an orc wizard

Vault maps used:
D:1:      lemuel_arrival_hallway
D:2:      ashenzari_conservatory_becter, minmay_divided_ellipse
D:3:      first_ration, uniq_terence, uniq_sigmund
D:4:      serial_shops, nicolae_shop_trees, gammafunk_ghost_grave, uniq_ijyb
D:5:      grunt_ashenzari_visionary
D:6:      hangedman_minor_gate_pass, uniq_crazy_yiuf_cottage, uniq_menkaure

Skill      XL: |  1  2  3  4  5  6  7  8 |
---------------+-------------------------+-----
Spellcasting   | 10 | 10.0
Fire Magic     | 2 3 |  3.7
Short Blades   | 1 2 3 |  3.6
Long Blades    | 1 2 3 |  3.6
Maces & Flails | 1 2 3 |  3.6
Polearms       | 1 2 3 |  3.6
Staves         | 1 2 3 |  3.6
Slings         | 1 2 3 |  3.6
Bows           | 1 2 3 |  3.6
Crossbows      | 1 2 3 |  3.6
Throwing       | 1 2 3 |  3.6
Armour         | 1 2 3 |  3.6
Dodging        | 1 2 3 |  3.6
Shields        | 1 2 3 |  3.6
Unarmed Combat | 1 2 3 |  3.6
Invocations    | 1 2 3 4 |  4.0
Evocations     | 1 2 3 |  3.6
Conjurations   | 1 2 |  2.9
Hexes          | 1 2 |  2.9
Charms         | 1 2 |  2.9
Summonings     | 1 2 |  2.9
Necromancy     | 1 2 |  2.9
Translocations | 1 2 |  2.9
Transmutations | 1 2 |  2.9
Ice Magic      | 1 2 |  2.9
Air Magic      | 1 2 |  2.9
Earth Magic    | 1 2 |  2.9
Poison Magic   | 1 2 |  2.9
Fighting       | 3 4 |  4.5
Axes           | 5 |  5.9
Stealth        | 5 |  5.6

Action                   |  1- 3 |  4- 6 |  7- 9 || total
-------------------------+-------+-------+-------++-------
Melee: Dagger            |    84 |    12 |     3 ||    99
       Bite              |    14 |     2 |       ||    16
 Cast: Flame Tongue      |    36 |    97 |   190 ||   323
       Sandblast         |    25 |    21 |    12 ||    58
Evoke: Wand              |       |       |     5 ||     5
  Use: Potion            |       |     2 |     1 ||     3
       Scroll            |       |     5 |    10 ||    15
  Eat: Chunk             |       |     6 |     8 ||    14
Armor: Robe              |    26 |    22 |    17 ||    65
Dodge: Dodged            |    43 |    72 |    85 ||   200

Table legend:
 A = Non-vault XP
 B = Vault XP
 C = Vault XP percentage of total XP
 D = Non-vault monster count
 E = Vault monster count
 F = Vault count percentage of total count
                 A         B        C        D         E       F
            +---------+---------+-------+---------+---------+-------
      Total |    1536 |     685 |  30.8 |     105 |      16 |  13.2
            +---------+---------+-------+---------+---------+-------
        D:1 |      64 |       0 |   0.0 |      10 |       0 |   0.0
        D:2 |      21 |     114 |  84.4 |      10 |      12 |  54.5
        D:3 |     327 |     256 |  43.9 |      51 |       2 |   3.8
        D:4 |     317 |     315 |  49.8 |      15 |       2 |  11.8
        D:5 |     561 |       0 |   0.0 |      13 |       0 |   0.0
        D:6 |     246 |       0 |   0.0 |       6 |       0 |   0.0
            +---------+---------+-------+---------+---------+-------
